 Dungeon Crawl Stone Soup version 0.20.0-15-g7f486f2 (webtiles) character file.

56133 dvd the Slinger (level 14, 0/202 HPs)
             Began as a Deep Dwarf Berserker on June 12, 2017.
             Was an Elder of Trog.
             Slain by an orc knight
             ... wielding a +2 glaive
              (3 damage)
             ... on level 2 of the Orcish Mines.
             The game lasted 01:24:59 (18965 turns).

dvd the Slinger (Deep Dwarf Berserker)             Turns: 18965, Time: 01:24:59

Health: 0/202      AC: 19    Str: 29    XL:     14   Next: 40%
Magic:  14/14      EV: 15    Int:  6    God:    Trog [****..]
Gold:   2014       SH:  5    Dex: 14    Spells: 13/13 levels left

rFire    . . .     SeeInvis +   c - +2 hand axe (elec)
rCold    . . .     Gourm    .   (no shield)
rNeg     + . .     Faith    .   J - +4 scale mail
rPois    .         Spirit   .   (helmet restricted)
rElec    +         Reflect  +   v - scarf {repulsion}
rCorr    +         Harm     .   F - +2 pair of gloves
MR       ++++.                  V - +2 pair of boots
Stlth    ..........             A - +5 amulet of reflection
Regen    1.0/turn               Q - +2 ring of slaying
MPRegen  0.2/turn               x - ring of resist corrosion

@: berserking (expiring), non-regenerating, repel missiles, very quick
A: damage resistance, heal wounds, horns 1, see invisible, dopey 1, negative
energy resistance 1, sense surroundings 2, electricity resistance, no
regeneration
a: Heal Wounds, Berserk, Trog's Hand, Brothers in Arms, Burn Spellbooks,
Renounce Religion


You were on level 2 of the Orcish Mines.
You worshipped Trog.
Trog was greatly pleased with you.
You were very hungry.

You visited 4 branches of the dungeon, and saw 20 of its levels.
You also visited: Ossuary.

You collected 2014 gold pieces.

Inventory:

Hand Weapons
 a - a +1 long sword of draining
 b - a +4 hunting sling of velocity
 c - a +2 hand axe of electrocution (weapon)
 r - a +1 battleaxe of freezing
 I - a +1 mace of protection
 X - a +2 trident of protection
Missiles
 g - 5 javelins (quivered)
 q - 32 tomahawks
 B - 32 sling bullets
Armour
 m - a +0 buckler
 o - the +1 scale mail of Xeyth {rElec rF+ Regen+}
   (You found it on level 8 of the Dungeon)

   It protects you from fire.
   It insulates you from electricity.
   It increases your rate of regeneration.
 s - a +0 plate armour of positive energy
 v - a scarf of repulsion (worn)
 E - a +0 helmet
 F - a +2 pair of gloves (worn)
 J - a +4 scale mail (worn)
 V - a +2 pair of boots (worn)
Jewellery
 u - a +3 ring of intelligence
 x - a ring of resist corrosion (right hand)
 y - an uncursed ring of positive energy
 A - a +5 amulet of reflection (around neck)
 Q - a +2 ring of slaying (left hand)
 Y - the ring of Efae {Ice *Slow MR+ Dex+6}
   (You found it on level 11 of the Dungeon)

   [ring of ice]

   It enhances your ice magic.
   It affects your dexterity (+6).
   It makes you vulnerable to fire.
   It protects you from cold.
   It affects your resistance to hostile enchantments.
   It may slow you when you take damage.
Wands
 n - a wand of confusion (19/48)
 p - a wand of lightning (8/15)
 K - a wand of digging (5/24)
 R - a wand of flame (18/48)
 S - a wand of acid (12/15)
Scrolls
 i - 7 scrolls of identify
 j - 5 scrolls of recharging
 k - 14 scrolls of remove curse
 l - 2 scrolls of magic mapping
 w - 4 scrolls of enchant armour
 G - 2 scrolls of fog
 U - 3 scrolls of teleportation
Potions
 e - 12 potions of curing
 f - 3 potions of agility
 h - 3 potions of might
 t - 3 potions of heal wounds
 C - 3 potions of mutation
 L - a potion of resistance
 N - 5 potions of flight
 P - 2 potions of haste
Comestibles
 d - 10 royal jellies
 z - 6 meat rations
 D - 4 chunks of flesh
 H - 19 fruits
 T - 13 bread rations


   Skills:
 + Level 11.5 Fighting
 + Level 10.7 Long Blades
 + Level 8.0(8.3) Axes
 + Level 2.8(5.4) Maces & Flails
 + Level 14.2(14.4) Slings
 + Level 2.9(8.5) Throwing
 + Level 10.4 Armour
 + Level 7.6 Dodging
 + Level 3.8 Stealth
 + Level 4.2 Shields


You had 13 spell levels left.
You didn't know any spells.

Dungeon Overview and Level Annotations

Branches:
Dungeon (11/15)            Temple (1/1) D:5            Lair (6/6) D:9
  Swamp (0/4) Lair:4       Spider (0/4) Lair:3        Slime (0/5) Lair:6
    Orc (2/2) D:9             Elf (0/3) Orc:2

Altars:
Ashenzari
Cheibriados
Dithmenos
Elyvilon
Fedhas
Gozag
Hepliaklqana
Kikubaaqudgha
Makhleb
Nemelex Xobeh
Okawaru
Qazlal
Ru
Sif Muna
Trog
Uskayaw
Vehumet
Xom
Yredelemnul
Zin
The Shining One
Jiyva


Innate Abilities, Weirdness & Mutations

You are resistant to damage.
You can heal yourself by infusing magical energy.
You resist negative energy. (rN+)
You passively map the area around you.
You do not regenerate.
You have a pair of small horns on your head.
You have supernaturally acute eyesight. (SInv)
You are dopey. (Int -2)
You are resistant to electric shocks. (rElec)


Message History

You closely miss the orc knight. The orc warrior barely misses you.
You slash the orc knight!
The orc knight is moderately wounded.
You hit the orc knight but do no damage.
The orc knight barely misses you.
The orc knight hits you but does no damage.
You barely miss the orc knight. Your headbutt misses the orc knight.
The orc knight is moderately wounded.
You hit the orc knight.
Lightning courses through the orc knight!
You block the orc warrior's attack.
You slash the orc knight!
Lightning courses through the orc knight!
The orc knight is severely wounded.
You completely miss the orc knight.
The orc knight hits you with a war axe!!
* * * LOW HITPOINT WARNING * * *
Unknown command.
The orc knight hits you from afar with an enchanted glaive.
You die...

......###.## ##.#.#.#...#
.....###...# #.........#.*
.##..##...#####...........
..#...##..#.###...........
.##)..##......##.........#
.....)#.))).).)..........##
.)..).)..##)#.....#.......#
))###....#..).#...........#
### ###.##.....(@.........#
..## ####......#.(.......#
...#####.#.(.....oo....#.##
#.###.#.....(.(o..........#
####.......#.(.()........##
##..).....#.().........#
###.......#.(.........#
#....................#
#..........(......#.##


You could see 2 orc knights and an orc warrior.

Vanquished Creatures
  An orc warlord (Orc:2)
  A frost giant (D:11)
  The ghost of ThePrince the Fencer, a journeyman MiBe of Trog (Lair:2)
  The ghost of Szarrukin the Cleaver, a journeyman FoFi of Qazlal (Lair:3)
  An ettin (D:11)
  Harold (Lair:1)
  Erolcha (D:9)
  6 hydras
  A catoblepas (Lair:6)
  2 two-headed ogres
  6 death yaks
  4 orc high priests
  An orc knight (Orc:2)
  A lindwurm (Lair:5)
  4 oklob plants
  An orc sorcerer (Orc:2)
  An ugly thing (D:11)
  A cyclops (Orc:1)
  7 elephants
  A black mamba (Lair:4)
  A gargoyle (D:7)
  9 spiny frogs
  5 komodo dragons
  A rime drake (Lair:4)
  5 trolls
  A queen bee (D:8)
  A tyrant leech (Lair:4)
  7 hippogriffs
  34 blink frogs
  A slime creature (D:11)
  3 redbacks (Lair:3)
  29 yaks
  A hungry ghost (D:11)
  2 basilisks
  2 wargs (Orc:2)
  Menkaure (D:7)
  Duvessa (D:7)
  14 water moccasins
  5 porcupines
  3 ice beasts
  29 orc warriors
  2 phantoms
  A necrophage (D:10)
  7 ogres
  A sky beast (D:5)
  10 wolves
  3 centaurs
  2 crocodiles
  A big kobold (D:7)
  12 bullfrogs
  2 gnoll sergeants
  Dowan (D:7)
  3 scorpions
  20 killer bees
  3 wights (D:6)
  3 howler monkeys
  3 crimson imps
  A bullfrog zombie (D:5)
  5 centaur zombies
  3 hounds
  2 jellies
  3 bullfrog skeletons
  20 orc priests
  2 centaur skeletons
  2 iguanas
  17 orc wizards
  6 worker ants
  An ogre zombie (Ossuary)
  7 mummies (Ossuary)
  Robin (D:4)
  A worker ant zombie (D:11)
  11 gnolls
  6 adders
  A shadow imp (D:7)
  An ooze (D:2)
  3 adder zombies (Ossuary)
  An adder skeleton (D:9)
  4 worms
  3 dart slugs
  3 leopard geckos
  98 orcs
  7 giant cockroaches
  24 goblins
  13 hobgoblins
  5 jackals
  A quokka (D:8)
  3 ball pythons
  9 bats
  6 frilled lizards
  3 goblin skeletons (D:4)
  7 goblin zombies
  5 hobgoblin zombies
  8 kobolds
  4 kobold zombies
  2 orc skeletons (D:4)
  3 orc zombies
  5 quokka zombies (Ossuary)
  7 rats
  4 rat zombies (Ossuary)
  A bush (Lair:5)
  4 fungi
  A plant (Lair:4)
596 creatures vanquished.

Vanquished Creatures (collateral kills)
  An elephant (D:9)
  A basilisk (D:9)
  3 orc warriors (D:9)
  A necrophage (D:9)
  A big kobold (D:9)
  2 orc priests (D:9)
  2 orcs (D:9)
  2 kobolds (D:9)
13 creatures vanquished.

Vanquished Creatures (others)
  3 fungi
  A plant (Lair:5)
4 creatures vanquished.

Grand Total: 613 creatures vanquished

Notes
Turn   | Place    | Note
-------+----------+-------------------------------------------
     0 | D:1      | dvd the Deep Dwarf Berserker began the quest for the Orb.
     0 | D:1      | Reached XP level 1. HP: 20/20 MP: 1/1
   181 | D:1      | Reached XP level 2. HP: 19/28 MP: 2/2
   595 | D:1      | Reached ** piety under Trog
   920 | D:1      | Reached skill level 1 in Stealth
  1030 | D:2      | Reached XP level 3. HP: 23/34 MP: 3/3
  1449 | D:2      | Found a glowing silver altar of Zin.
  1451 | D:2      | Found a sparkling altar of Nemelex Xobeh.
  1455 | D:2      | Found a snail-covered altar of Cheibriados.
  1456 | D:2      | Found a shimmering altar of Xom.
  1816 | D:2      | Reached XP level 4. HP: 35/42 MP: 4/4
  2940 | D:3      | Reached XP level 5. HP: 49/49 MP: 5/5
  3684 | D:4      | Reached skill level 1 in Slings
  3688 | D:4      | Reached skill level 5 in Axes
  3729 | D:4      | Noticed Robin
  3752 | D:4      | Reached *** piety under Trog
  3755 | D:4      | Killed Robin
  3759 | D:4      | Reached XP level 6. HP: 34/57 MP: 6/6
  3834 | D:4      | Found a glowing golden altar of the Shining One.
  3911 | D:4      | Found an ancient bone altar of Kikubaaqudgha.
  4163 | D:4      | Reached skill level 1 in Long Blades
  4163 | D:4      | Reached skill level 2 in Slings
  4332 | D:4      | Reached skill level 1 in Maces & Flails
  4332 | D:4      | Reached XP level 7. HP: 66/66 MP: 7/7
  4461 | D:4      | Found a basalt altar of Yredelemnul.
  4493 | D:5      | Entered Level 5 of the Dungeon
  4493 | D:5      | Found a shadowy altar of Dithmenos.
  4503 | D:5      | Reached skill level 3 in Slings
  4514 | D:5      | Reached skill level 4 in Slings
  4558 | D:4      | Reached XP level 8. HP: 54/73 MP: 8/8
  4599 | D:5      | Found a hide-covered altar of Uskayaw.
  4692 | D:5      | Reached skill level 5 in Slings
  4844 | D:5      | Reached skill level 5 in Fighting
  4896 | D:5      | Found a staircase to the Ecumenical Temple.
  4909 | Temple   | Entered the Ecumenical Temple
  5341 | D:6      | Reached skill level 5 in Armour
  5387 | D:6      | Reached skill level 1 in Throwing
  5466 | D:6      | Received a gift from Trog
  5582 | D:6      | Reached skill level 5 in Long Blades
  5582 | D:6      | Gained mutation: You passively map the area around you. [Deep Dwarf growth]
  5582 | D:6      | Reached XP level 9. HP: 64/81 MP: 9/9
  5868 | D:6      | Reached skill level 6 in Slings
  5986 | D:6      | Reached **** piety under Trog
  6218 | D:6      | Found a stormy altar of Qazlal.
  6218 | D:6      | Found a white marble altar of Elyvilon.
  6359 | D:7      | Noticed Menkaure
  6366 | D:7      | Killed Menkaure
  6447 | D:7      | Noticed a gargoyle
  6458 | D:7      | Killed a gargoyle
  6458 | D:7      | Reached skill level 7 in Slings
  6526 | D:7      | Noticed Duvessa
  6526 | D:7      | Noticed Dowan
  6543 | D:7      | Killed Duvessa
  6544 | D:7      | Killed Dowan
  6564 | D:7      | Found an iron altar of Okawaru.
  6624 | D:7      | Received a gift from Trog
  6706 | D:7      | Found a sand-covered staircase.
  6712 | Ossuary  | Entered an ossuary
  6920 | Ossuary  | Gained mutation: Armour fits poorly on your strangely shaped body. [potion of mutation]
  6920 | Ossuary  | Gained mutation: Your body sometimes deteriorates upon taking damage. [potion of mutation]
  6920 | Ossuary  | Gained mutation: You are partially covered in yellow scales. (AC +2) [potion of mutation]
  6921 | Ossuary  | Lost mutation: You are partially covered in yellow scales. (AC +2) [potion of mutation]
  6921 | Ossuary  | Lost mutation: Armour fits poorly on your strangely shaped body. [potion of mutation]
  6921 | Ossuary  | Lost mutation: Your body sometimes deteriorates upon taking damage. [potion of mutation]
  6921 | Ossuary  | Gained mutation: You are resistant to electric shocks. (rElec) [potion of mutation]
  6921 | Ossuary  | Gained mutation: You are dopey. (Int -2) [potion of mutation]
  6921 | Ossuary  | Gained mutation: You have supernaturally acute eyesight. (SInv) [potion of mutation]
  6921 | Ossuary  | Gained mutation: You have a pair of small horns on your head. [potion of mutation]
  6979 | Ossuary  | Received a gift from Trog
  7124 | Ossuary  | Reached skill level 8 in Slings
  7352 | D:7      | Found a bloodstained altar of Trog.
  7836 | D:8      | Reached XP level 10. HP: 66/91 MP: 10/10
  7980 | D:8      | Received a gift from Trog
  8277 | D:8      | Got an ancient scale mail
  8288 | D:8      | Identified the +1 scale mail of Xeyth {rElec rF+ Regen+} (You found it on level 8 of the Dungeon)
  8850 | D:9      | Received a gift from Trog
  8888 | D:9      | Noticed an elephant
  8922 | D:9      | Reached skill level 1 in Shields
  8924 | D:9      | Killed an elephant
  9037 | D:9      | Found a staircase to the Lair.
  9068 | D:9      | Noticed a two-headed ogre
  9078 | D:9      | Killed a two-headed ogre
  9080 | D:9      | Received a gift from Trog
  9500 | D:9      | Reached skill level 5 in Dodging
  9507 | D:9      | Noticed Erolcha
  9517 | D:9      | Killed Erolcha
  9517 | D:9      | Reached skill level 9 in Slings
  9517 | D:9      | Reached XP level 11. HP: 52/100 MP: 11/11
  9536 | D:9      | Received a gift from Trog
  9598 | D:9      | Found a staircase to the Orcish Mines.
  9689 | D:10     | Entered Level 10 of the Dungeon
  9956 | D:10     | Identified the Tome of Freezing Weightlessness
 10685 | D:11     | Found an iron altar of Okawaru.
 11282 | D:11     | Noticed an ettin
 11283 | D:11     | Noticed a frost giant
 11293 | D:11     | Killed a frost giant
 11293 | D:11     | Reached skill level 10 in Slings
 11297 | D:11     | Killed an ettin
 11298 | D:11     | Noticed a green ugly thing
 11300 | D:11     | Killed a green ugly thing
 11358 | D:11     | Got a warped granite ring
 11360 | D:11     | Identified the ring of Efae {Ice *Slow MR+ Dex+6} (You found it on level 11 of the Dungeon)
 11560 | Lair:1   | Entered Level 1 of the Lair of Beasts
 11660 | Lair:1   | Received a gift from Trog
 11951 | Lair:1   | Noticed Harold
 11966 | Lair:1   | Killed Harold
 11966 | Lair:1   | Reached XP level 12. HP: 72/110 MP: 12/12
 12291 | Lair:2   | Found a sacrificial altar of Ru.
 12345 | Lair:2   | Noticed ThePrince's ghost (journeyman MiBe)
 12367 | Lair:2   | Killed ThePrince's ghost
 12367 | Lair:2   | Reached skill level 11 in Slings
 12583 | Lair:2   | Received a gift from Trog
 13118 | Lair:3   | Noticed a seven-headed hydra
 13125 | Lair:3   | Killed a seven-headed hydra
 13184 | Lair:3   | Found a hole to the Spider Nest.
 13247 | Lair:3   | Noticed a six-headed hydra
 13254 | Lair:3   | Killed a six-headed hydra
 13370 | Lair:3   | Found a shattered altar of Ashenzari.
 13410 | Lair:3   | Noticed Szarrukin's ghost (journeyman FoFi)
 13426 | Lair:3   | Killed Szarrukin's ghost
 13426 | Lair:3   | Reached skill level 12 in Slings
 13816 | Lair:3   | Noticed a four-headed hydra
 13825 | Lair:3   | Killed a four-headed hydra
 14296 | Lair:4   | Reached XP level 13. HP: 51/121 MP: 13/13
 14343 | Lair:4   | Found a staircase to the Swamp.
 14366 | Lair:4   | Reached skill level 10 in Long Blades
 15390 | Lair:5   | Reached skill level 13 in Slings
 15547 | Lair:5   | Reached skill level 10 in Fighting
 15774 | Lair:5   | Received a gift from Trog
 15933 | Lair:5   | Reached skill level 10 in Armour
 16324 | Lair:6   | Entered Level 6 of the Lair of Beasts
 16617 | Lair:6   | Found a viscous altar of Jiyva.
 16617 | Lair:6   | Found a staircase to the Slime Pits.
 17129 | Lair:6   | Gained mutation: You resist negative energy. (rN+) [Deep Dwarf growth]
 17129 | Lair:6   | Reached XP level 14. HP: 55/133 MP: 14/14
 17422 | Orc:1    | Entered Level 1 of the Orcish Mines
 17947 | Orc:2    | Entered Level 2 of the Orcish Mines
 18094 | Orc:2    | Reached skill level 14 in Slings
 18125 | Orc:2    | Noticed an orc warlord
 18140 | Orc:2    | Killed an orc warlord
 18421 | Orc:2    | Received a gift from Trog
 18546 | Orc:2    | Found a staircase to the Elven Halls.
 18964 | Orc:2    | HP: 2/202 [orc knight/war axe (29)]
 18965 | Orc:2    | Slain by an orc knight

Skill      XL: |  1  2  3  4  5  6  7  8  9 10 11 12 13 14 |
---------------+-------------------------------------------+-----
Fighting       | 3 4 5 6 7 8 9 10 11 | 11.5
Stealth        | 1 2 3 |  3.8
Axes           | 4 5 6 7 8 |  8.0
Slings         | 1 2 4 5 8 9 10 12 13 14 | 14.2
Armour         | 3 4 5 6 8 9 10 | 10.4
Dodging        | 3 4 5 6 7 |  7.6
Long Blades    | 1 3 5 6 7 9 10 | 10.7
Maces & Flails | 1 2 |  2.8
Throwing       | 1 2 |  2.9
Shields        | 1 2 3 4 |  4.2

Action                   |  1- 3 |  4- 6 |  7- 9 | 10-12 | 13-15 || total
-------------------------+-------+-------+-------+-------+-------++-------
Melee: Hand axe          |   132 |   105 |       |    63 |    75 ||   375
       Long sword        |       |    54 |   151 |   294 |   129 ||   628
       Mace              |       |     7 |       |       |       ||     7
       Flail             |       |     2 |    69 |       |       ||    71
       Falchion          |       |       |    31 |       |       ||    31
       Headbutt          |       |       |     5 |   115 |    66 ||   186
       Hunting sling     |       |       |       |       |     1 ||     1
 Fire: Hunting sling     |       |    30 |   170 |   355 |   560 ||  1115
Throw: Javelin           |    14 |     1 |    12 |    11 |     3 ||    41
Invok: Berserk           |     5 |     6 |     7 |    12 |    12 ||    42
       Trog's Hand       |     3 |     4 |     9 |    22 |    21 ||    59
       Burn Spellbooks   |       |       |     3 |     3 |       ||     6
       Brothers in Arms  |       |       |       |     2 |       ||     2
Evoke: Wand              |       |       |       |       |     2 ||     2
  Use: Potion            |       |       |     8 |     9 |     5 ||    22
       Scroll            |       |       |    10 |    11 |     8 ||    29
 Stab: Sleeping          |     3 |     2 |       |       |       ||     5
  Eat: Chunk             |     9 |    14 |    19 |    35 |    33 ||   110
       Royal jelly       |       |       |     2 |     2 |       ||     4
       Fruit             |       |       |     1 |       |       ||     1
Armor: Animal skin       |    26 |     5 |       |       |       ||    31
       Scale mail        |       |    70 |   103 |   231 |    99 ||   503
Dodge: Dodged            |    81 |   124 |   151 |   273 |   113 ||   742
       Deflected         |       |       |     8 |     2 |     6 ||    16
Block: Buckler           |       |       |       |    34 |       ||    34
       Other             |       |       |       |     3 |    48 ||    51
       Reflection        |       |       |       |       |     4 ||     4
       Rpst.: Long sword |       |    11 |    31 |    60 |    15 ||   117
       Falchion          |       |       |     5 |       |       ||     5
